 Dungeon Crawl Stone Soup version 0.25-b1-29-g4cfa5c7bda (webtiles) character file.

Game seed: 13199653001222837603, levelgen mode: deterministic

71848 Vettrii the Covert (level 14, -6/126 HPs)
             Began as a Minotaur Assassin on June 3, 2020.
             Was a High Priest of Uskayaw.
             Killed by divine providence
             ... invoked by an orc high priest
              (15 damage)
             ... on level 2 of the Orcish Mines.
             The game lasted 01:28:13 (26234 turns).

Vettrii the Covert (Minotaur Assassin)             Turns: 26234, Time: 01:28:13

Health: -6/126     AC: 31    Str: 22    XL:     14   Next: 99%
Magic:  16/20      EV: 19    Int:  8    God:    Uskayaw [*****.]
Gold:   2186       SH: 10    Dex: 16    Spells: 13/13 levels left

rFire    . . .     SeeInvis .   y - +6 dagger (freeze)
rCold    . . .     Gourm    .   B - +0 buckler
rNeg     . . .     Faith    .   R - +4 shadow dragon scales
rPois    .         Spirit   .   W - +1 hat
rElec    .         Reflect  +   k - +0 cloak of Huitol {*Slow +Fly rCorr Str+5}
rCorr    +         Harm     .   L - +2 pair of gloves
MR       +....                  F - +0 pair of boots {Fly}
Stlth    +++++++...             G - amulet of reflection
HPRegen  0.31/turn              x - +4 ring of protection
MPRegen  0.17/turn              V - +4 ring of evasion

@: flying
A: retaliatory headbutt, horns 2
a: Stomp, Line Pass, Grand Finale, Renounce Religion, Stop Flying


You were on level 2 of the Orcish Mines.
You worshipped Uskayaw.
Uskayaw was aware of your devotion.
You were hungry.

You visited 3 branches of the dungeon, and saw 22 of its levels.
You also visited: Gauntlet and Ice Cave.

You collected 2186 gold pieces.

Inventory:

Hand Weapons
 y - a +6 dagger of freezing (weapon)
Missiles
 a - 8 poisoned darts
 e - 19 curare-tipped darts (quivered)
 H - 3 atropa-tipped darts
Armour
 k - the +0 cloak of Huitol (worn) {*Slow +Fly rCorr Str+5}
   (You found it on level 7 of the Dungeon)

   It affects your strength (+5).
   It lets you fly.
   It provides partial protection from all sources of acid and corrosion.
   It may slow you when you take damage.
 B - a +0 buckler (worn)
 F - a +0 pair of boots of flying (worn)
 L - a +2 pair of gloves (worn)
 R - +4 shadow dragon scales (worn)
 W - a +1 hat (worn)
Jewellery
 c - an uncursed amulet of regeneration {unknown}
 n - an uncursed ring of resist corrosion {unknown}
 x - a +4 ring of protection (left hand)
 C - an uncursed ring of wizardry {unknown}
 G - an amulet of reflection (around neck)
 J - an uncursed ring of protection from magic
 V - a +4 ring of evasion (right hand)
 X - an uncursed amulet of faith
Wands
 z - a wand of flame (20)
 A - a wand of acid (3)
 K - a wand of disintegration (10)
 M - a wand of digging (8)
 Q - a wand of paralysis (19)
Scrolls
 d - 2 scrolls of identify
 h - 15 scrolls of remove curse
 i - 2 scrolls of blinking {unknown}
 l - 8 scrolls of teleportation
 m - 2 scrolls of vulnerability {unknown}
 o - 3 scrolls of fear
 q - 4 scrolls of fog
 u - 5 scrolls of enchant weapon
 D - 3 scrolls of immolation
 N - a scroll of holy word {unknown}
 O - a scroll of silence
 S - a scroll of brand weapon {unknown}
 T - 2 scrolls of noise {unknown}
 U - a scroll of magic mapping {unknown}
Potions
 b - 2 potions of cancellation
 g - a potion of heal wounds
 j - 9 potions of curing
 r - 2 potions of mutation
 s - a potion of haste
 t - 2 potions of magic {unknown}
 v - 5 potions of stabbing
 w - a potion of invisibility
 E - 2 potions of ambrosia
 I - 3 potions of lignification
 Y - 2 potions of berserk rage {unknown}
Comestibles
 f - 37 rations


   Skills:
 + Level 12.0 Fighting
 + Level 10.6 Short Blades
 - Level 2.0 Throwing
 * Level 12.5 Armour
 + Level 10.6 Dodging
 + Level 13.9 Stealth
 - Level 4.0 Shields
 - Level 10.0 Invocations
 + Level 0.5 Evocations


You had 13 spell levels left.
You didn't know any spells.
Your spell library contained the following spells:

 Spells                   Type           Power        Failure   Level  Hunger
 Animate Skeleton         Necr           N/A          93%         1    ##.....
 Apportation              Tloc           #.....       93%         1    ##.....
 Corona                   Hex            #......      93%         1    ##.....
 Foxfire                  Conj/Fire      #...         93%         1    ##.....
 Magic Dart               Conj           #...         93%         1    ##.....
 Sting                    Tmut/Pois      #...         93%         1    ##.....
 Summon Small Mammal      Summ           #...         93%         1    ##.....
 Poisonous Vapours        Pois/Air       #.....       98%         2    ###....
 Searing Ray              Conj           #.....       98%         2    ###....
 Conjure Flame            Conj/Fire      #.......     100%        3    ####...
 Dazzling Flash           Conj/Hex       #.....       100%        3    ####...
 Ignite Poison            Fire/Tmut/Pois #.......     100%        3    ####...
 Inner Flame              Hex/Fire       #.......     100%        3    ####...
 Mephitic Cloud           Conj/Pois/Air  #.......     100%        3    ####...
 Fulminant Prism          Conj/Hex       #.........   100%        4    #####..
 Ice Form                 Ice/Tmut       #.......     100%        4    #####..
 Iskenderun's Mystic Bla  Conj/Tloc      #.......     100%        4    #####..
 Olgreb's Toxic Radiance  Pois           #.......     100%        4    #####..
 Sticky Flame             Conj/Fire      #.......     100%        4    #####..
 Fireball                 Conj/Fire      #.........   100%        5    ######.
 Metabolic Englaciation   Hex/Ice        #.........   100%        5    ######.
 Freezing Cloud           Conj/Ice/Air   #.........   100%        6    #######
 Ozocubu's Refrigeration  Ice            #.........   100%        6    #######
 Simulacrum               Ice/Necr       #.........   100%        6    #######
 Malign Gateway           Summ/Tloc      #.........   100%        7    #######
 Monstrous Menagerie      Summ           #.........   100%        7    #######
 Summon Greater Demon     Summ           #.........   100%        7    #######
 Summon Horrible Things   Summ           #.........   100%        8    #######


Dungeon Overview and Level Annotations

Branches:
Dungeon (14/15)            Temple (0/1) D:7            Lair (6/6) D:8
 Shoals (0/4) Lair:3       Spider (0/4) Lair:3        Slime (0/5) Lair:6
    Orc (2/2) D:10            Elf (0/3) Orc:2         IceCv (visited)
Gauntlet (visited)
 Vaults: D:13-14

Altars:
Ashenzari
Cheibriados
Dithmenos
Hepliaklqana
Kikubaaqudgha
Makhleb
Nemelex Xobeh
Okawaru
Qazlal
Trog
Uskayaw
Wu Jian
Zin

Shops:
Orc:1 =

Annotations:
Lair:3 exclusion: 2 oklob plants
Lair:6 2 transporters, exclusion: 4 oklob plants, Fafes's ghost, journeyman DrFE


Innate Abilities, Weirdness & Mutations

You reflexively headbutt those who attack you in melee.
You have a pair of horns on your head.


Message History

* * * LOW HITPOINT WARNING * * *
The orc knight hits you but does no damage.
The smoke demon completely misses you. The smoke demon hits you.
* * * LOW HITPOINT WARNING * * *
The smoke demon hits you but does no damage.
The ice devil hits you.
* * * LOW HITPOINT WARNING * * *
The ice devil freezes you!
* * * LOW HITPOINT WARNING * * *
Aiming: Line Pass
Press: ? - help, Dir - move target cursor, f - orc warrior
Aim: an orc warrior, wielding a +0 war axe, wearing a +0 plate armour and quivering 7 boomerangs You can't stand on top of the monster!
Aiming: Line Pass
Press: ? - help, Dir - move target cursor, p - orc warrior The orc high priest appears confused.
The orc warrior appears confused.
You are feeling hungry.
The orc high priest mumbles some strange prayers to Beogh against you.
Beogh smites you!
You die...

##.... ....
#....#...#....#
#.............
#....#...#....#
#.............#
#....#...#....#
#...oo......#
#..4#oo.#...#
##.3.oo@...#
#.o#4..#..#
##.......##
###.#.###
#.....#
###)#.###
##.......## ##
#..#.).#..# .##
##.........##


You could see an orc knight, 3 orc high priests, a hellwing (summoned), an ice
devil (summoned), a smoke demon (summoned), 2 orc warriors and an orc (strong).

Vanquished Creatures
  Gastronok (Lair:2)
  Kirke (Lair:6)
  An orc warlord (Orc:1)
  A stone giant (Orc:1)
  A minotaur (Gauntlet)
  Snorg (Orc:1)
  Fannar (Lair:1)
  9 hydras
  Erica (Orc:1)
  A catoblepas (Lair:6)
  A centaur warrior (D:13)
  3 two-headed ogres
  2 orc high priests (Orc:2)
  Urug (Orc:1)
  A death yak (Lair:6)
  A tengu warrior (D:13)
  Sonja (Orc:1)
  2 skeletal warriors
  2 slime creatures (D:13)
  An unseen horror (D:8)
  5 orc knights (Orc:2)
  2 phantasmal warriors (D:13)
  A wolf spider zombie (D:13)
  5 ugly things
  2 cyclopes
  A centaur zombie (D:13)
  A rust devil (Gauntlet)
  An elephant (Lair:5)
  A black mamba (Lair:4)
  2 gargoyles
  Psyche (D:12)
  2 eyes of devastation
  A centaur skeleton (D:12)
  3 ice statues (IceCv)
  5 spiny frogs
  An efreet (D:8)
  6 komodo dragons
  2 rime drakes
  2 tengu conjurers (D:13)
  6 trolls
  5 polar bears (Lair:6)
  A polar bear (shapeshifter) (D:13)
  A merfolk (D:9)
  A tyrant leech (Gauntlet)
  8 blink frogs
  5 hornets
  3 dream sheep (Lair:6)
  6 hippogriffs
  13 spriggans (Lair:6)
  A vampire (D:12)
  A ynoxinul (Gauntlet)
  2 wraiths
  15 yaks
  A tarantella (Lair:3)
  2 basilisks
  A golden eye (Gauntlet)
  A hungry ghost (D:8)
  3 hogs (Lair:6)
  3 steam dragons
  9 vampire mosquitoes
  A warg (Orc:1)
  4 swamp worms (Gauntlet)
  An acid dragon (D:12)
  18 water moccasins
  6 porcupines
  4 black bears
  2 eyes of draining
  37 orc warriors
  5 sky beasts
  2 necrophages (D:11)
  3 phantoms
  10 ice beasts
  14 ogres
  4 boggarts (Lair:6)
  4 centaurs
  19 wolves
  9 crocodiles
  Blork the orc (D:6)
  5 big kobolds
  19 bullfrogs
  A gnoll sergeant (D:7)
  A water moccasin zombie (D:6)
  6 killer bees
  7 scorpions
  5 wights
  5 howler monkeys
  An electric eel (Lair:4)
  7 crimson imps
  2 bullfrog zombies
  A quasit (D:11)
  2 iron imps (Gauntlet)
  A bullfrog skeleton (D:11)
  30 orc priests
  8 hounds
  3 jellies
  19 orc wizards
  Ijyb (D:5)
  3 iguanas
  8 worker ants
  A killer bee zombie (D:6)
  A hound zombie (D:11)
  A hound skeleton (D:7)
  A howler monkey zombie (D:11)
  14 gnolls
  2 howler monkey skeletons
  16 adders
  4 shadow imps
  12 white imps (D:13)
  An adder zombie (D:9)
  An adder skeleton (D:9)
  7 worms
  4 dart slugs
  7 leopard geckos
  91 orcs
  7 ball pythons
  8 bats
  9 giant cockroaches
  17 goblins
  9 hobgoblins
  12 jackals
  A quokka (D:7)
  5 frilled lizards
  21 kobolds
  A leopard gecko skeleton (D:7)
  7 rats
704 creatures vanquished.

Vanquished Creatures (others)
  3 humans (Lair:6)
  A wolf (Lair:6)
  A centaur (D:8)
  A gnoll shaman (Orc:1)
  4 fungi
  13 plants
23 creatures vanquished.

Grand Total: 727 creatures vanquished

Notes
Turn   | Place    | Note
-------+----------+-------------------------------------------
     0 | D:1      | Vettrii the Minotaur Assassin began the quest for the Orb.
     0 | D:1      | Reached XP level 1. HP: 18/18 MP: 0/0
   269 | D:1      | Reached XP level 2. HP: 22/25 MP: 1/1
   700 | D:1      | Reached XP level 3. HP: 12/30 MP: 2/2
  1452 | D:2      | Noticed a phantom
  1838 | D:2      | Reached XP level 4. HP: 37/37 MP: 3/3
  1910 | D:2      | Killed a phantom
  1910 | D:2      | Reached skill level 1 in Armour
  1910 | D:2      | Reached XP level 5. HP: 38/45 MP: 4/4
  2308 | D:2      | Found a hide-covered altar of Uskayaw.
  2344 | D:2      | Became a worshipper of Uskayaw the Reveler
  2424 | D:3      | Reached * piety under Uskayaw
  2426 | D:3      | Reached skill level 5 in Short Blades
  2634 | D:3      | Found a sparkling altar of Nemelex Xobeh.
  2657 | D:3      | Reached ** piety under Uskayaw
  2663 | D:3      | Reached *** piety under Uskayaw
  3294 | D:3      | Reached XP level 6. HP: 52/52 MP: 5/5
  3947 | D:4      | Reached **** piety under Uskayaw
  3948 | D:4      | Reached XP level 7. HP: 51/59 MP: 6/6
  4299 | D:5      | Entered Level 5 of the Dungeon
  4329 | D:5      | Found the +3 giant club "Skullcrusher" {speed, Str+7}
  4839 | D:5      | Noticed Ijyb
  4856 | D:5      | Killed Ijyb
  4862 | D:5      | Found a sparkling altar of Nemelex Xobeh.
  5204 | D:6      | Noticed Blork the orc
  5204 | D:6      | Noticed a wraith
  5226 | D:6      | Killed a wraith
  5226 | D:6      | Reached skill level 5 in Fighting
  5226 | D:6      | Reached XP level 8. HP: 37/68 MP: 7/7
  5394 | D:6      | Found a hazy altar of Hepliaklqana.
  5570 | D:6      | Killed Blork the orc
  5653 | D:6      | Reached skill level 1 in Shields
  5762 | D:6      | Found a stormy altar of Qazlal.
  5763 | D:6      | Found an ornate altar of the Wu Jian Council.
  5764 | D:6      | Found a glowing silver altar of Zin.
  5911 | D:6      | Found a sparkling altar of Nemelex Xobeh.
  6210 | D:7      | Noticed a hippogriff
  6216 | D:7      | Killed a hippogriff
  6217 | D:7      | Reached skill level 10 in Short Blades
  6289 | D:7      | Found a staircase to the Ecumenical Temple.
  6294 | D:7      | Reached skill level 1 in Invocations
  6294 | D:7      | Reached XP level 9. HP: 75/75 MP: 8/8
  6336 | D:7      | Reached skill level 5 in Dodging
  6340 | D:7      | Reached ***** piety under Uskayaw
  6531 | D:7      | Reached ****** piety under Uskayaw
  6765 | D:7      | Found a burning altar of Makhleb.
  6880 | D:7      | Got a crude cloak
  6895 | D:7      | Identified the cursed +0 cloak of Huitol {*Slow +Fly rCorr
                  | Str+5} (You found it on level 7 of the Dungeon)
  7727 | D:8      | Reached skill level 4 in Stealth
  7731 | D:8      | Found a staircase to the Lair.
  8162 | D:8      | Reached XP level 10. HP: 82/86 MP: 12/12
  8223 | D:8      | Noticed a skeletal warrior
  8242 | D:8      | Killed a skeletal warrior
  8252 | D:8      | Killed an unseen horror
  8252 | D:8      | Reached skill level 5 in Armour
  8252 | D:8      | Reached skill level 5 in Stealth
  8443 | D:8      | Noticed a green ugly thing
  8464 | D:8      | Killed a green ugly thing
  8464 | D:8      | Reached skill level 5 in Invocations
  9641 | D:9      | Found a shattered altar of Ashenzari.
  9642 | D:9      | Found an ancient bone altar of Kikubaaqudgha.
  9755 | D:9      | Found a shadowy altar of Dithmenos.
  9755 | D:9      | Found a bloodstained altar of Trog.
  9756 | D:9      | Found a snail-covered altar of Cheibriados.
  9822 | D:9      | Found an iron altar of Okawaru.
 10082 | D:9      | Reached skill level 6 in Stealth
 10161 | D:9      | Reached XP level 11. HP: 95/95 MP: 14/14
 10301 | D:10     | Entered Level 10 of the Dungeon
 10466 | D:10     | Found a staircase to the Orcish Mines.
 10498 | D:10     | Identified the +7 scale mail of Intercession {rN+ Str+2
                  | Dex-5}
 10504 | D:10     | Noticed a two-headed ogre
 10520 | D:10     | Killed a two-headed ogre
 11094 | D:10     | Found a stormy altar of Qazlal.
 11527 | D:11     | Noticed a green ugly thing
 11561 | D:11     | Killed a green ugly thing
 11561 | D:11     | Reached skill level 7 in Stealth
 11673 | D:11     | Noticed a two-headed ogre
 11685 | D:11     | Killed a two-headed ogre
 12105 | D:11     | Noticed a six-headed hydra
 12117 | D:11     | Killed a six-headed hydra
 12336 | D:11     | Noticed a four-headed hydra
 12350 | D:11     | Killed a four-headed hydra
 12350 | D:11     | Reached skill level 8 in Stealth
 13017 | D:12     | Noticed Psyche
 13027 | D:12     | Killed Psyche
 13146 | D:12     | Found a hazy altar of Hepliaklqana.
 13231 | D:12     | Reached skill level 10 in Fighting
 13231 | D:12     | Reached skill level 9 in Stealth
 13231 | D:12     | Reached XP level 12. HP: 106/106 MP: 16/16
 13786 | D:13     | Found a frozen archway.
 13906 | IceCv    | Entered an ice cave
 14720 | IceCv    | HP: 2/106 [ice beast[an ice statue] (12)]
 15092 | IceCv    | Reached skill level 10 in Stealth
 15332 | D:13     | Noticed a two-headed ogre
 15363 | D:13     | Killed a two-headed ogre
 15426 | D:13     | Noticed a centaur warrior
 15433 | D:13     | Killed a centaur warrior
 15551 | D:13     | Noticed a tengu warrior
 15574 | D:13     | Killed a tengu warrior
 16091 | D:14     | Noticed a death knight
 16092 | D:14     | Noticed a centaur warrior
 16119 | D:13     | Reached XP level 13. HP: 12/114 MP: 19/19
 16626 | Lair:1   | Entered Level 1 of the Lair of Beasts
 16653 | Lair:1   | Noticed Fannar
 16665 | Lair:1   | Killed Fannar
 16809 | Lair:1   | Reached skill level 11 in Stealth
 17949 | Lair:2   | Reached skill level 10 in Dodging
 17958 | Lair:2   | Noticed Gastronok
 17963 | Lair:2   | Killed Gastronok
 17963 | Lair:2   | Reached skill level 10 in Invocations
 18813 | Lair:3   | Found a hole to the Spider Nest.
 18958 | Lair:3   | Found a staircase to the Shoals.
 20986 | Lair:5   | Reached skill level 12 in Stealth
 21448 | Lair:6   | Entered Level 6 of the Lair of Beasts
 21473 | Lair:6   | Found a gate leading to a gauntlet.
 21484 | Gauntlet | Entered a Gauntlet
 21484 | Gauntlet | Found a transporter.
 21493 | Gauntlet | Found a transporter.
 21508 | Gauntlet | Found a transporter.
 21514 | Gauntlet | Found a transporter.
 21529 | Gauntlet | Noticed a cacodemon
 21530 | Gauntlet | Found a transporter.
 21550 | Gauntlet | Found a transporter.
 21559 | Gauntlet | Noticed a death ooze
 21562 | Gauntlet | Found a transporter.
 21574 | Gauntlet | Found a transporter.
 21586 | Gauntlet | Found a transporter.
 21598 | Gauntlet | Found a transporter.
 21619 | Gauntlet | Found a transporter.
 21619 | Gauntlet | Found a transporter.
 21672 | Gauntlet | Found a transporter.
 21702 | Gauntlet | Found a transporter.
 21704 | Gauntlet | Found a transporter.
 21706 | Gauntlet | Found a transporter.
 21736 | Gauntlet | Found a transporter.
 21736 | Gauntlet | Found a transporter.
 21925 | Gauntlet | Reached skill level 10 in Armour
 22193 | Gauntlet | Noticed a minotaur
 22223 | Gauntlet | Killed a minotaur
 22391 | Lair:6   | Found a transporter.
 22393 | Lair:6   | Noticed Fafes's ghost (journeyman DrFE)
 22394 | Lair:6   | Identified the cursed +3 spear "Empemosm" {antimagic,
                  | +Blink rElec}
 22397 | Lair:6   | Found a transporter.
 22400 | Lair:6   | Found a bloodstained altar of Trog.
 22402 | Lair:6   | Identified the cursed +1 trident "Orb Guardian's Doom"
                  | {drain, rElec Dex+2 Stlth-}
 22441 | Lair:6   | Reached XP level 14. HP: 124/124 MP: 20/20
 22441 | Lair:6   | Noticed Kirke
 22481 | Lair:6   | Killed Kirke
 22947 | Lair:6   | Reached skill level 13 in Stealth
 23071 | Lair:6   | Found a staircase to the Slime Pits.
 24057 | Orc:1    | Entered Level 1 of the Orcish Mines
 24058 | Orc:1    | Noticed Sonja
 24062 | Orc:1    | Noticed a stone giant
 24064 | Orc:1    | Killed Sonja
 24068 | Orc:1    | Found Ophag's Jewellery Emporium.
 24124 | Orc:1    | Noticed an orc warlord
 24139 | Orc:1    | Noticed Snorg
 24223 | Orc:1    | Noticed Urug
 24225 | Orc:1    | Killed a stone giant
 24240 | Orc:1    | Killed an orc warlord
 24246 | Orc:1    | Killed Snorg
 24257 | Orc:1    | Killed Urug
 24663 | Orc:2    | Entered Level 2 of the Orcish Mines
 24725 | Orc:2    | Found a staircase to the Elven Halls.
 24752 | Orc:1    | Noticed Erica
 24767 | Orc:1    | Killed Erica
 24968 | Orc:1    | You are sucked into a shaft and drop 1 floor!
 26234 | Orc:2    | Killed from afar by an orc high priest

Illustrated notes

Levels and vault maps discovered:
D:1:      dpeg_arrival_orchard, layout_basic
D:2:      layout_loops_ring, eat_drink_and_be_merry_uskayaw, first_ration
D:3:      layout_loops_ring, lemuel_crystal_altar, chequers_big_river
D:4:      layout_rooms, serial_bayou_pond_a, minmay_misc_feat_plants
D:5:      layout_loops_ring, nemelex_xobeh_ov_fountains_minmay, uniq_ijyb
D:6:      layout_rooms, chequers_temple_overflow_statue_of_worship,
          lemuel_crystal_altar, basic_altar, minmay_ogre_servants,
          uniq_blork_the_orc
D:7:      layout_basic, lemuel_crystal_altar, temple_green
D:8:      hangedman_cross_veins, layout_layer_cave, dpeg_oklobed_lair
D:9:      layout_basic, lemuel_doored_altar, lemuel_round_altar,
          nicolae_overflow_quartered_altars, hangedman_fish_farm
D:10:     kennysheep_steamy, layout_long_grid, orc_0_dummy,
          nicolae_qazlal_eye_of_the_storm
D:11:     minmay_octagon_keep, layout_cross, serial_co_window_serial,
          co_window_corner_a, co_window_cross_1, co_window_corner_a,
          co_window_corner_a, co_window_paths_b, co_window_cross_1,
          co_window_corner_a, co_window_broadway_a, co_window_2corner,
          co_window_paths_c, co_window_corner_b, co_window_2corner,
          co_window_broadway_a, glass_columns_c
D:12:     layout_roguey, basic_altar, uniq_psyche
D:13:     layout_basic, portal_ice_cave_entry_imps, drop_trap
D:14:     layout_rooms, erik_vaults_1, serial_shops, shop, shop, uniq_nessos
Lair:1:   layout_layer_cave, serial_bayou_crossing, uniq_fannar
Lair:2:   layout_chaotic_city, nicolae_quartered_pool_little,
          chequers_serial_rivers_micro_c, uniq_gastronok
Lair:3:   dpeg_oklob_gauntlet, layout_misc_corridors, elwin_shoals_entry_rocks,
          spider_nest_entry_rubble, lemuel_fruit_tree
Lair:4:   layout_gridlike, minivault_26, grunt_megastairs_2
Lair:5:   layout_cave_pods, st_stairs_9, nicolae_lair_grove_arrangements
Lair:6:   minmay_lair_end_enchanted_forest, layout_loops_ring,
          minmay_slime_entry_eyes, gammafunk_ghost_wrathful_warriors,
          gauntlet_entry_generic, nicolae_lair_yak_garden,
          minmay_lair_oklob_chamber, uniq_kirke
Orc:1:    layout_caves, enter_volcano_3, serial_shops, nicolae_shop_crystal,
          uniq_erica, uniq_snorg, uniq_sonja, uniq_urug
Orc:2:    st_orc_pillars, layout_diamond_mine

Skill      XL: |  1  2  3  4  5  6  7  8  9 10 11 12 13 14 |
---------------+-------------------------------------------+-----
Short Blades   | 3 4 5 6 8 10 | 10.6
Fighting       | 3 4 5 7 8 10 11 12 | 12.0
Armour         | 1 2 3 4 6 7 10 12 | 12.5
Dodging        | 2 3 4 6 7 8 9 10 | 10.6
Shields        | 2 4 |  4.0
Invocations    | 1 4 5 7 9 10 | 10.0
Stealth        | 4 6 9 10 12 13 | 13.9
Throwing       | |  2.0
Evocations     | |  0.5

Action                   |  1- 3 |  4- 6 |  7- 9 | 10-12 | 13-15 || total
-------------------------+-------+-------+-------+-------+-------++-------
Melee: Dagger            |   107 |   144 |   442 |   850 |  1085 ||  2628
       Headbutt          |    16 |    28 |    79 |   208 |   281 ||   612
Throw: Dart              |       |       |     1 |     4 |       ||     5
Invok: Grand Finale      |       |       |       |     1 |     2 ||     3
       Line Pass         |       |       |       |       |     1 ||     1
Evoke: Wand              |       |       |       |       |     4 ||     4
  Use: Scroll            |       |     5 |     4 |     9 |    13 ||    31
       Potion            |       |       |       |     9 |     2 ||    11
 Stab: Sleeping          |     6 |     4 |     2 |    17 |    37 ||    66
       Paralysed         |       |     2 |    13 |    52 |    58 ||   125
       Distracted        |       |       |       |     1 |       ||     1
       Invisible         |       |       |       |     2 |     4 ||     6
  Eat: Chunk             |     3 |     6 |    14 |    15 |    20 ||    58
       Ration            |       |       |       |     4 |     4 ||     8
Armor: Robe              |     5 |       |       |       |       ||     5
       Ring mail         |    29 |    38 |    85 |   112 |       ||   264
       Scale mail        |       |       |       |    33 |     6 ||    39
       Shadow dragon sca |       |       |       |       |   227 ||   227
Dodge: Dodged            |    51 |    43 |   102 |   301 |   418 ||   915
Block: Buckler           |       |       |    85 |   235 |   318 ||   638
       Reflection        |       |       |     4 |    20 |    15 ||    39
